[Event "*** Titled Tuesday Blitz"]
[Site "Chess.com"]
[Date "2021.03.09"]
[Round "3"]
[White "MrTattaglia"]
[Black "SARGISMV"]
[Result "1-0"]
[WhiteElo "2884"]
[BlackElo "2471"]
[TimeControl "180+1"]
[EndTime "10:27:40 PST"]
[Termination "MrTattaglia won by resignation"]

1. d4 Nf6 2. c4 c5 3. d5 e6 4. Nc3 exd5 5. cxd5 d6 6. e4 a6 7. a4 g6 8. Nf3 Bg4 9. h3 Bxf3 10. Qxf3 Nbd7 11.
Qd1 Bg7 12. Bd3 O-O 13. O-O Re8 14. Bf4 Ne5 15. Be2 Rb8 16. Ra2 Qa5 17. Qc2 Qb4 18. a5 b5 19. axb6 Rxb6 20. Bd2 c4 21. Qc1 Nd3 22.
Bxd3 cxd3 23. Na4 Qb5 24. Nxb6 Qxb6 25. Be3 Qb5 26. f3 Nxd5 27. exd5 Qxd5 28. Ra4 Qb3 29. Re4 Rb8 30. Bd4 Bxd4+ 31. Rxd4 Qb6 32. Qe3 Re8 33. Qxe8+ 1-0

[Event "*** Titled Tuesday Blitz"]
[Site "Chess.com"]
[Date "2021.03.09"]
[Round "3"]
[White "imdvb6307"]
[Black "PrinceMurad09"]
[Result "0-1"]
[WhiteElo "2369"]
[BlackElo "2554"]
[TimeControl "180+1"]
[EndTime "10:27:42 PST"]
[Termination "PrinceMurad09 won by resignation"]

1. c4 c5 2. Nf3 Nc6 3. d4 cxd4 4. Nxd4 Qb6 5. Nb3 e6 6. Be3 Qc7 7. g3 Nf6 8. Bg2 d5 9. cxd5 Nxd5 10. Bxd5 exd5 11.
O-O Be7 12. Nc3 Bh3 13. Nxd5 Qd8 14. Re1 O-O 15. Nxe7+ Qxe7 16. Bc5 Qe4 17. f3 Qe6 18. e4 Rfd8 19. Qe2 b6 20. Be3 Ne5 21. Rad1 Qf6 22.
Bf4 Ng6 23. Be3 Ne5 24. Bd4 Nxf3+ 25. Kh1 Nxd4 26. Nxd4 Rxd4 27. Qh5 Rxd1 28. Rxd1 Be6 29. Kg2 g6 0-1

[Event "*** Titled Tuesday Blitz"]
[Site "Chess.com"]
[Date "2021.03.09"]
[Round "3"]
[White "GregShahade"]
[Black "hellokostya"]
[Result "1-0"]
[WhiteElo "2746"]
[BlackElo "2527"]
[TimeControl "180+1"]
[EndTime "10:27:44 PST"]
[Termination "GregShahade won by resignation"]

1. e4 d6 2. d4 Nf6 3. Nc3 g6 4. Be3 Bg7 5. Qd2 Nc6 6. f3 e5 7. Nge2 O-O 8. O-O-O h5 9. Kb1 a6 10. h4 exd4 11. Nxd4 Ne5 12. Bh6 b5 13. Bxg7 Kxg7 14.
Qg5 b4 15. Nd5 Nxd5 16. Qxd8 Rxd8 17. exd5 Bd7 18. Be2 a5 19. Rhe1 Re8 20. Bb5 Bxb5 21. Nxb5 Rec8 22. f4 Ng4 23. Re7 Kf6 24. Rde1 Nh6 25.
Nxc7 Rcb8 26. Nxa8 1-0

[Event "*** Titled Tuesday Blitz"]
[Site "Chess.com"]
[Date "2021.03.09"]
[Round "3"]
[White "Zhigalko_Sergei"]
[Black "Shahaliyev"]
[Result "1-0"]
[WhiteElo "2935"]
[BlackElo "2636"]
[TimeControl "180+1"]
[EndTime "10:27:47 PST"]
[Termination "Zhigalko_Sergei won by resignation"]

1. e4 e5 2. Nf3 Nc6 3. Bc4 Nf6 4. Ng5 d5 5. exd5 Na5 6. Bb5+ c6 7. dxc6 Nxc6 8.
O-O Be7 9. d3 O-O 10. Bxc6 bxc6 11. Nc3 Nd5 12. Nf3 f6 13. Ne4 Bg4 14. h3 Bh5 15.
Ng3 Bg6 16. Re1 Rb8 17. Nh4 Bf7 18. Nhf5 Bc5 19. Qg4 Bg6 20. h4 Rb4 21. Re4 Rxe4 22. dxe4 Ne7 23. Nxe7+ Qxe7 24. h5 Be8 25. Nf5 Qb7 26. Bh6 Rf7 27. Rd1 Kf8 28. Nxg7 Rxg7 29. Rd8 Bxf2+ 30. Kxf2 1-0

[Event "*** Titled Tuesday Blitz"]
[Site "Chess.com"]
[Date "2021.03.09"]
[Round "3"]
[White "IljaJoke"]
[Black "KuzubovYuriy"]
[Result "0-1"]
[WhiteElo "2475"]
[BlackElo "2916"]
[TimeControl "180+1"]
[EndTime "10:27:47 PST"]
[Termination "KuzubovYuriy won by resignation"]

1. e4 c5 2. Nf3 Nc6 3. d4 cxd4 4. Nxd4 g6 5. c4 Nf6 6. Nc3 d6 7. Be2 Bg7 8. Be3 O-O 9. O-O Nxd4 10. Bxd4 Bd7 11. h3 Bc6 12. Qc2 a5 13. Rad1 Nd7 14.
Bxg7 Kxg7 15. Bg4 Ne5 16. c5 a4 17. cxd6 exd6 18. Be2 g5 19. Qd2 a3 20. bxa3 Rxa3 21.
Nb5 Bxb5 22. Bxb5 h6 23. Qxd6 Qxd6 24. Rxd6 Rxa2 25. Rb1 Rc8 26. Bf1 Rcc2 27. Rd5 Ng6 28. f3 Nh4 29. Rxb7 Ra1 30. Rdd7 Rxg2+ 0-1

[Event "*** Titled Tuesday Blitz"]
[Site "Chess.com"]
[Date "2021.03.09"]
[Round "3"]
[White "davidkalashian"]
[Black "vugarrasulov"]
[Result "0-1"]
[WhiteElo "2605"]
[BlackElo "2858"]
[TimeControl "180+1"]
[EndTime "10:27:49 PST"]
[Termination "vugarrasulov won by resignation"]

1. d4 Nf6 2. c4 e6 3. Nf3 b6 4. g3 Bb7 5. Bg2 Be7 6. O-O O-O 7. Re1 c5 8. d5 exd5 9. Nh4 Ne4 10. cxd5 Bxh4 11.
Bxe4 Bf6 12. Nc3 d6 13. a4 Na6 14. Bg2 Nb4 15. a5 Ba6 16. Bf4 Re8 17. Qd2 bxa5 18. Ne4 Be5 19. Bg5 f6 20. Be3 Qb6 21. Bh3 Bc8 22. Bxc8 Raxc8 23. Red1 Bxb2 24. Nxd6 Bxa1 25. Nxc8 Rxc8 26. Rxa1 Rd8 27. Qc3 Rxd5 28. Qc4 a6 29. Rd1 Qb5 30. Qc1 c4 31. Rxd5 Qxd5 32. Qc3 h6 33. h4 Qd1+ 34. Kg2 Qxe2 35. Qd4 Qd3 36. Qc5 Qd5+ 37. Qxd5+ Nxd5 38. Bd4 c3 0-1

[Event "*** Titled Tuesday Blitz"]
[Site "Chess.com"]
[Date "2021.03.09"]
[Round "3"]
[White "Malev212"]
[Black "Chernov_Mikhail"]
[Result "0-1"]
[WhiteElo "2551"]
[BlackElo "2395"]
[TimeControl "180+1"]
[EndTime "10:27:49 PST"]
[Termination "Chernov_Mikhail won by resignation"]

1. e4 c5 2. Nf3 Nc6 3. d4 cxd4 4.
Nxd4 Nf6 5. Nc3 d6 6. Bc4 e6 7.
Be3 a6 8. Qe2 Qc7 9. Bb3 Na5 10.
g4 b5 11. g5 Nd7 12. O-O-O Rb8 13. Bxe6 fxe6 14. Nxe6 Qc4 15. Qxc4 Nxc4 16. Bd4 Nde5 17. Nc7+ Kd8 18. N7d5 Bg4 19. f4 Bxd1 20. Rxd1 Nd7 21. b3 Ncb6 22. Nb4 Ra8 23. Ncd5 Nxd5 24. exd5 a5 25. Nc6+ Kc7 26. Re1 b4 27. Bb2 Rg8 28.
f5 Ne5 29. Bxe5 dxe5 30. Rxe5 Bd6 31. Re6 Rge8 32. Nd4 0-1

[Event "*** Titled Tuesday Blitz"]
[Site "Chess.com"]
[Date "2021.03.09"]
[Round "3"]
[White "Firouzja2003"]
[Black "DFeco"]
[Result "1-0"]
[WhiteElo "3136"]
[BlackElo "2283"]
[TimeControl "180+1"]
[EndTime "10:27:50 PST"]
[Termination "Firouzja2003 won by resignation"]

1. e4 e5 2. Nf3 Nc6 3. Bb5 a6 4.
Ba4 d6 5. c4 Bd7 6. Nc3 g6 7. d3 Bg7 8. h3 Nf6 9. O-O O-O 10. Be3 h6 11. a3 Kh7 12. b4 Ng8 13. c5 f5 14. cxd6 cxd6 15. Nd5 Nge7 16. Nb6 Rb8 17. Rc1 f4 18. Nxd7 Qxd7 19. Bd2 Qe6 20. Bb3 Qf6 21. a4 Rbc8 22. b5 axb5 23. axb5 Na7 24.
Bc4 b6 25. Qb3 g5 26. Be6 Rxc1 27. Rxc1 Nxb5 28. Bd7 Nd4 29. Nxd4 exd4 30. Qxb6 h5 31. Bb4 f3 32. Qxd6 fxg2 33. Qxf6 Bxf6 34. e5 Bxe5 35. Re1 Rd8 36. Bxe7 Rxd7 37. Rxe5 Kg6 38. Bxg5 Rb7 39. Kxg2 Rb3 40. h4 Rxd3 41. Rd5 Rd1 42. Be3 d3 43. Rg5+ Kf6 44. Rxh5 Ke6 45. Rh6+ Ke5 46. Rh8 Kd5 47. Rd8+ Kc4 48. h5 Rb1 49. h6 Rb7 50. Kf3 Kc3 51. Rc8+ Kb3 52. Ke4 Rd7 53.
Rc1 d2 54. Rd1 Kb2 55. Rxd2+ Rxd2 56. Bxd2 1-0

[Event "*** Titled Tuesday Blitz"]
[Site "Chess.com"]
[Date "2021.03.09"]
[Round "3"]
[White "ValeriyGrinev"]
[Black "Eltaj_Safarli"]
[Result "0-1"]
[WhiteElo "2565"]
[BlackElo "2896"]
[TimeControl "180+1"]
[EndTime "10:27:50 PST"]
[Termination "Eltaj_Safarli won by resignation"]

1. c4 c5 2. g3 Nf6 3. Bg2 e6 4. Nf3 Nc6 5. O-O d5 6. cxd5 Nxd5 7.
Nc3 Be7 8. Nxd5 exd5 9. d4 O-O 10. dxc5 Bxc5 11. Bg5 Qd7 12. Rc1 Bb6 13. Qa4 h6 14.
Bf4 Qe7 15. Rc2 Bf5 16. Rd2 Be4 17. Qb3 Rad8 18. Rfd1 Na5 19. Qc3 Nc4 20. Rd4 Bxd4 21. Rxd4 Rc8 22. Qb3 Na5 23. Qa4 Nc6 24. Rd1 Rfd8 25. g4 Qb4 26. Qxb4 Nxb4 27. a3 Nc6 28. g5 hxg5 29. Bxg5 f6 30. Be3 b6 31. Bh3 Rc7 32. Nd2 Bg6 33. Nb1 d4 34. Bf4 Re7 35. Bg2 Ne5 36.
Nc3 Bf7 37. Nb5 d3 38. Bf1 Bb3 39. Rd2 Nc4 40. Rxd3 Rxd3 41. exd3 Nxb2 42. d4 Bc4 43.
Bh3 Bxb5 0-1

[Event "*** Titled Tuesday Blitz"]
[Site "Chess.com"]
[Date "2021.03.09"]
[Round "3"]
[White "AlexeiShirov"]
[Black "BursaBBSatranc"]
[Result "1-0"]
[WhiteElo "2846"]
[BlackElo "2601"]
[TimeControl "180+1"]
[EndTime "10:27:52 PST"]
[Termination "AlexeiShirov won by resignation"]

1. e4 e5 2. Nf3 Nf6 3. Nxe5 d6 4.
Nf3 Nxe4 5. Bd3 Nf6 6. O-O Be7 7. h3 O-O 8. c3 Re8 9. Bc2 Nbd7 10. d4 b6 11. Bg5 Bb7 12. Nbd2 Bf8 13. Re1 Rxe1+ 14. Qxe1 g6 15. a4 a5 16. Be4 Qc8 17. Bxb7 Qxb7 18. Qf1 Qc6 19. Qc4 Qxc4 20. Nxc4 d5 21. Nce5 Bd6 22.
Nc6 Ne4 23. Be7 Nb8 24. Bxd6 Nxd6 25. Ne7+ Kf8 26. Nxd5 Na6 27. Ne5 Rd8 28. Nc6 Re8 29.
Kf1 Kg7 30. Re1 Rxe1+ 31. Kxe1 h5 32. Ke2 Kf8 33. Kd3 Ke8 34. Nf6+ Kf8 35. b4 b5 36.
axb5 Nxb5 37. bxa5 Nd6 1-0

[Event "*** Titled Tuesday Blitz"]
[Site "Chess.com"]
[Date "2021.03.09"]
[Round "3"]
[White "Nozdrachev_Vladislav"]
[Black "Kale36"]
[Result "1-0"]
[WhiteElo "2709"]
[BlackElo "2323"]
[TimeControl "180+1"]
[EndTime "10:27:55 PST"]
[Termination "Nozdrachev_Vladislav won by resignation"]

1. e4 Nc6 2. Nf3 d6 3. Nc3 Bg4 4. h3 Bh5 5. g4 Bg6 6. d4 a6 7.
Be3 e6 8. Qd2 Nf6 9. Bd3 d5 10.
exd5 Nxd5 11. a3 Nxc3 12. Qxc3 Qd5 13. Be2 Be4 14. Bf4 O-O-O 15. O-O-O Bd6 16. Bxd6 Rxd6 17. Rhe1 Rhd8 18. Bc4 Qxc4 19. Qxc4 Bxf3 20. c3 Bxd1 21. Rxd1 e5 22. Qxf7 exd4 23. Qxg7 d3 24. Qxh7 Na5 25.
Qf5+ 1-0

[Event "*** Titled Tuesday Blitz"]
[Site "Chess.com"]
[Date "2021.03.09"]
[Round "3"]
[White "tylityli"]
[Black "woodhy"]
[Result "1-0"]
[WhiteElo "2250"]
[BlackElo "2448"]
[TimeControl "180+1"]
[EndTime "10:27:55 PST"]
[Termination "tylityli won by resignation"]

1. d4 e6 2. c4 Nf6 3. Nc3 Bb4 4.
e3 b6 5. Ne2 Bb7 6. a3 Bxc3+ 7.
Nxc3 d5 8. cxd5 exd5 9. Bd3 O-O 10. O-O Nbd7 11. f3 Re8 12. Re1 c5 13. Bc2 Rc8 14. Nb5 cxd4 15. Nd6 Qc7 16. Nxe8 Nxe8 17. Bf5 dxe3 18.
Bxe3 Nef6 19. Rc1 Qd6 20. Rxc8+ Bxc8 21. Bd4 g6 22. Qc2 Ba6 23. Bxd7 Nxd7 24. Re8+ Nf8 25. Qa4 Qf4 26. Rxf8+ Kxf8 27. Bc5+ Qd6 28. Bxd6+ 1-0

[Event "*** Titled Tuesday Blitz"]
[Site "Chess.com"]
[Date "2021.03.09"]
[Round "3"]
[White "Haykoooo0o"]
[Black "chessmachine14"]
[Result "1-0"]
[WhiteElo "2528"]
[BlackElo "2312"]
[TimeControl "180+1"]
[EndTime "10:27:56 PST"]
[Termination "Haykoooo0o won on time"]

1. d4 Nf6 2. Nf3 g6 3. Bf4 Bg7 4. h3 O-O 5. e3 d6 6. Be2 Nbd7 7.
O-O Qe8 8. c3 e5 9. Bh2 Ne4 10.
Nbd2 f5 11. Nxe4 fxe4 12. Nd2 d5 13. Qb3 c6 14. Nxe4 Kh8 15. Nd6 Qe6 16. Nxc8 Raxc8 17. Qxb7 h5 18. Qb3 exd4 19. cxd4 Rf7 20. Qc2 Rcf8 21. Bd3 Bh6 22. Rac1 Rxf2 23. Rxf2 Bxe3 24. Rf1 h4 25.
Kh1 Bxf2 26. Rxf2 Qe1+ 27. Bg1 1-0

[Event "*** Titled Tuesday Blitz"]
[Site "Chess.com"]
[Date "2021.03.09"]
[Round "3"]
[White "Hypercar"]
[Black "Sagar_Raina"]
[Result "0-1"]
[WhiteElo "2491"]
[BlackElo "2277"]
[TimeControl "180+1"]
[EndTime "10:27:56 PST"]
[Termination "Sagar_Raina won by checkmate"]

1. d4 Nf6 2. c4 e6 3. Nf3 Bb4+ 4.
Bd2 Qe7 5. e3 O-O 6. Qc2 Bxd2+ 7. Nbxd2 d6 8. O-O-O e5 9. h3 e4 10. Ne1 c5 11. d5 b5 12. g4 Re8 13. Ng2 bxc4 14.
Bxc4 Ba6 15. Nf4 Bxc4 16. Nxc4 Na6 17. a3 Nc7 18. g5 Nd7 19. h4 Nb6 20. Rhg1 Nxc4 21.
Qxc4 Rab8 22. h5 Qe5 23. Qc2 Nb5 24. g6 fxg6 25. hxg6 h6 26. Kd2 c4 27. Rb1 Rec8 28. Rgc1 c3+ 29. bxc3 Nxa3 30. Rxb8 Rxb8 31. Qa2 Rb2+ 32.
Qxb2 Nc4+ 33. Kc2 Nxb2 34. Kxb2 Qg5 35. Ra1 Qh4 36. Rxa7 Qxf2+ 37. Kb3 Kf8 38. Rf7+ Ke8 39. Rxg7 Qxe3 40. Ne6 Qb6+ 41. Kc4 Qa6+ 42. Kd4 Qd3# 0-1

[Event "*** Titled Tuesday Blitz"]
[Site "Chess.com"]
[Date "2021.03.09"]
[Round "3"]
[White "kuli4ik"]
[Black "Pelopidass"]
[Result "1-0"]
[WhiteElo "2905"]
[BlackElo "2570"]
[TimeControl "180+1"]
[EndTime "10:27:57 PST"]
[Termination "kuli4ik won by resignation"]

1. Nf3 Nf6 2. g3 g6 3. b3 Bg7 4. Bb2 d6 5. d4 O-O 6. Bg2 c5 7. O-O Nc6 8. c4 Ne4 9. h3 f5 10. e3 Qa5 11. Qe2 cxd4 12. Nxd4 e5 13. Nb5 a6 14.
N5c3 Nf6 15. Rd1 Rd8 16. Nd5 Nxd5 17. Rxd5 Qc7 18. Nc3 Be6 19. Rd2 e4 20. Nd5 Bxd5 21. Rxd5 Bxb2 22. Qxb2 Ne5 23. Rad1 Nd3 24. Qf6 Qf7 25.
Qxf7+ Kxf7 26. Bf1 Nb4 27. Rxd6 Rxd6 28. Rxd6 Nxa2 29.
Rd7+ Ke6 30. Rxb7 a5 31. Rxh7 Rb8 32. Ra7 Rxb3 33. Rxa5 Nc3 34. Ra6+ Ke5 35. c5 Rb1 36. Kg2 Nd1 37. Bc4 f4 38. gxf4+ Kf5 39. Be6+ 1-0

[Event "*** Titled Tuesday Blitz"]
[Site "Chess.com"]
[Date "2021.03.09"]
[Round "3"]
[White "Benjoneliere44"]
[Black "coco_crc"]
[Result "1-0"]
[WhiteElo "2497"]
[BlackElo "2205"]
[TimeControl "180+1"]
[EndTime "10:27:57 PST"]
[Termination "Benjoneliere44 won by resignation"]

1. e4 e5 2. Bc4 Nf6 3. d3 Nc6 4. Nc3 Bc5 5. Be3 Bb6 6. a3 d6 7. Qd2 h6 8. h3 Be6 9. Ba2 Bxa2 10. Rxa2 d5 11. exd5 Nxd5 12. Bxb6 axb6 13. Nge2 O-O 14. O-O Nd4 15. Raa1 Qd7 16. Rfe1 Rae8 17. Nxd4 exd4 18.
Nxd5 Qxd5 19. Re2 Re5 20. Rxe5 Qxe5 21. Re1 Qb5 22. Qb4 Qc6 23. Re2 Re8 24. Rxe8+ Qxe8 25. Qxd4 Qe1+ 26. Kh2 c6 27. Qd8+ Kh7 28. Qxb6 Qe5+ 29.
g3 Qd5 30. Qe3 b5 31. Qe4+ f5 32. Qxd5 cxd5 33. Kg2 Kg6 34. Kf3 Kf6 35. Ke3 Ke5 36. f4+ Kd6 37. Kd4 1-0

[Event "*** Titled Tuesday Blitz"]
[Site "Chess.com"]
[Date "2021.03.09"]
[Round "3"]
[White "AungTZ"]
[Black "muchojogo"]
[Result "0-1"]
[WhiteElo "2192"]
[BlackElo "2365"]
[TimeControl "180+1"]
[EndTime "10:28:00 PST"]
[Termination "muchojogo won by resignation"]

1. e4 c5 2. Nf3 d6 3. Bb5+ Bd7 4. Bxd7+ Nxd7 5. O-O Ngf6 6. Re1 e6 7. c3 Be7 8. d4 cxd4 9. cxd4 d5 10. e5 Ne4 11.
Nbd2 Nxd2 12. Bxd2 O-O 13. Rc1 Rc8 14. Qb3 Qb6 15.
Qxb6 Nxb6 16. Bc3 Rc6 17. Rcd1 Rfc8 18. h4 Na4 19. Rb1 b6 20. Bd2 Rc2 21. Bc1 h5 22.
Rd1 Kh7 23. g3 Kg6 24. Ne1 R2c6 25. Be3 b5 26. Nd3 Kf5 27. Kg2 Ke4 28. Nf4 g6 29. Ne2 Rc2 30. Kf1 Rxb2 31. Rbc1 Rcc2 32. Rxc2 Rxc2 33.
Bc1 Rxa2 34. g4 Bxh4 35. gxh5 gxh5 36. Be3 Rxe2 37. Kxe2 Nc3+ 38. Kd2 Nxd1 39. Kxd1 Kf3 40. Kc2 Bxf2 41. Kb3 Bxe3 0-1

[Event "*** Titled Tuesday Blitz"]
[Site "Chess.com"]
[Date "2021.03.09"]
[Round "3"]
[White "Meri-Arabidze"]
[Black "dropstoneDP"]
[Result "0-1"]
[WhiteElo "2566"]
[BlackElo "2900"]
[TimeControl "180+1"]
[EndTime "10:28:03 PST"]
[Termination "dropstoneDP won on time"]

1. d4 Nf6 2. c4 e6 3. Nf3 d5 4. Nc3 Be7 5. Bg5 h6 6. Bh4 dxc4 7. e3 c5 8. Bxc4 cxd4 9. exd4 O-O 10. O-O Nc6 11. Qd2 b6 12. Rad1 Bb7 13. Qe2 Nh5 14.
Bg3 Nxg3 15. fxg3 Rc8 16. d5 exd5 17. Bxd5 Bc5+ 18. Kh1 Qe8 19. Qxe8 Rcxe8 20. Nh4 Na5 21. Nf5 Ba6 22. Rfe1 Nc4 23. b3 Nb2 24. Rxe8 Rxe8 25. Rb1 Bd3 0-1

[Event "*** Titled Tuesday Blitz"]
[Site "Chess.com"]
[Date "2021.03.09"]
[Round "3"]
[White "VinzentSpitzl"]
[Black "C_K_G"]
[Result "1-0"]
[WhiteElo "2363"]
[BlackElo "2019"]
[TimeControl "180+1"]
[EndTime "10:28:03 PST"]
[Termination "VinzentSpitzl won by resignation"]

1. e4 c5 2. Nf3 d6 3. d4 cxd4 4. Nxd4 Nf6 5. Nc3 a6 6. Bg5 e5 7. Nf5 Bxf5 8. exf5 Be7 9. Bc4 O-O 10. Bxf6 Bxf6 11.
O-O Nc6 12. Ne4 Rc8 13. Bb3 Nd4 14. Qh5 Nxb3 15. cxb3 d5 16. Rfd1 d4 17. Qe2 h6 18. g3 Re8 19. h4 Be7 20. Qd3 Qd5 21. Rac1 b5 22. Kh2 Bf8 23. Kh3 Rc6 24. Rxc6 Qxc6 25.
g4 Rc8 26. Kg3 Qc2 27. Qxc2 Rxc2 28. Rd2 Rc1 29. g5 hxg5 30. hxg5 Bb4 31. Rd3 Rc2 32.
a3 Be1 33. Rd1 Bd2 34. Rxd2 Rxd2 35. Nxd2 Kf8 36. Kf3 Ke8 37. Ke4 f6 38. g6 Kd7 39.
Kd5 1-0

[Event "*** Titled Tuesday Blitz"]
[Site "Chess.com"]
[Date "2021.03.09"]
[Round "3"]
[White "Gulkov_Igor"]
[Black "BahadirOzen"]
[Result "0-1"]
[WhiteElo "2526"]
[BlackElo "2769"]
[TimeControl "180+1"]
[EndTime "10:28:05 PST"]
[Termination "BahadirOzen won by resignation"]

1. Nf3 g6 2. e4 d6 3. d4 Nf6 4.
Nc3 Bg7 5. Be2 O-O 6. O-O e6 7. Re1 Nc6 8. Bf1 a6 9. a4 b6 10. h3 Bb7 11. Bg5 h6 12. Be3 Ne7 13. e5 Nd7 14.
exd6 cxd6 15. Bf4 Nf6 16. Qd2 Kh7 17. Be2 Rc8 18. Rad1 Qd7 19. Nh2 Ned5 20. Nxd5 Nxd5 21. Bg3 Qxa4 22. b3 Qd7 23. c4 Ne7 24. Bf3 Nf5 25. Bxb7 Qxb7 26. Nf3 Nxg3 27. fxg3 b5 28. Qd3 bxc4 29.
bxc4 Qb4 30. Rc1 Rc7 31. Re2 Rfc8 32. Rec2 a5 33. d5 exd5 34. Qxd5 a4 35. Kh2 a3 36. h4 Qc5 37. Qd3 Ra7 38. Ra2 Bb2 39.
Rf1 Qxc4 40. Qe3 Rcc7 0-1

[Event "*** Titled Tuesday Blitz"]
[Site "Chess.com"]
[Date "2021.03.09"]
[Round "3"]
[White "SaqoChess_Twitch"]
[Black "kuba2006"]
[Result "0-1"]
[WhiteElo "2517"]
[BlackElo "2347"]
[TimeControl "180+1"]
[EndTime "10:28:05 PST"]
[Termination "kuba2006 won by resignation"]

1. d4 Nf6 2. e3 g6 3. Nf3 Bg7 4. Be2 d6 5. O-O O-O 6. Nbd2 Nbd7 7. b3 e5 8. dxe5 dxe5 9. Bb2 e4 10. Nd4 a6 11. b4 Nb6 12. c4 a5 13. b5 a4 14. a3 Re8 15. Qc2 Qe7 16. Bc3 Bg4 17. Bb4 Qe5 18. h3 Bxe2 19. Nxe2 Rad8 20. Rad1 Qh5 21.
Ng3 Qh4 22. Ndxe4 Nxe4 23. Rxd8 Rxd8 24. Qxe4 Qxe4 25. Nxe4 Nxc4 26. Rc1 Nb6 27. Rxc7 Rd1+ 28. Kh2 Be5+ 29. f4 Bxc7 30. g4 Rd3 31. Nf6+ Kh8 32.
Bc5 Nc4 33. Bd4 Bxf4+ 34. Kg2 Nxe3+ 35. Kf3 Rxd4 36. Ne4 Rxe4 37. Kxe4 Bh6 38. Kd4 Nc2+ 39. Kc3 Nxa3 40. Kb4 Bf8+ 41. Kxa4 b6 42. Kb3 Nxb5 43. Kc4 Nc7 44. Kd4 b5 45. Ke5 b4 46. Kd4 b3 47.
Kc3 Nd5+ 48. Kxb3 Nf4 49. Kc4 Nxh3 50. Kd3 Nf2+ 51. Ke3 Nxg4+ 52. Kf3 Nh6 53. Kf4 Kg7 54. Kg5 Be7+ 55. Kf4 f6 56. Kg3 Nf7 57. Kh3 h5 58.
Kh4 Kh6 59. Kh3 g5 60. Kg3 f5 61. Kh3 h4 62. Kg2 g4 63. Kh2 f4 64. Kg2 Kg5 65. Kf2 h3 66. Kg1 Kh4 67. Kh1 g3 68.
Kg1 f3 69. Kh1 Kg4 70. Kg1 Bc5+ 71. Kh1 g2+ 0-1

[Event "*** Titled Tuesday Blitz"]
[Site "Chess.com"]
[Date "2021.03.09"]
[Round "3"]
[White "SilviusTiberius"]
[Black "WiktoriaPOL"]
[Result "1-0"]
[WhiteElo "2487"]
[BlackElo "2073"]
[TimeControl "180+1"]
[EndTime "10:28:05 PST"]
[Termination "SilviusTiberius won on time"]

1. e4 c5 2. Nf3 d6 3. d4 cxd4 4. Nxd4 Nf6 5. Nc3 a6 6. f3 e5 7. Nb3 Be6 8. Be3 Nbd7 9. g4 b5 10. a4 b4 11. Nd5 Bxd5 12. exd5 Nb6 13. Bg1 h6 14. f4 exf4 15. a5 Nbd7 16. Qf3 Ne5 17.
Qxf4 Nfxg4 18. O-O-O Qf6 19. Qxb4 Be7 20. Bxa6 O-O 21.
Bb7 Qf3 22. Bb6 Bg5+ 23. Kb1 Ne3 24. Bxe3 Qxe3 25. Bxa8 Rxa8 26. Qxd6 Nc4 27. Qc6 Qe5 28. Qxa8+ Kh7 29. Rd4 1-0

[Event "*** Titled Tuesday Blitz"]
[Site "Chess.com"]
[Date "2021.03.09"]
[Round "3"]
[White "politeplayer"]
[Black "WilliamSchill"]
[Result "1/2-1/2"]
[WhiteElo "2285"]
[BlackElo "2022"]
[TimeControl "180+1"]
[EndTime "10:28:05 PST"]
[Termination "Game drawn by agreement"]

1. e4 c5 2. Nf3 Nc6 3. d4 cxd4 4. Nxd4 e5 5. Nb5 d6 6. N1c3 a6 7. Na3 Be7 8. Nd5 Nf6 9. Nxe7 Nxe7 10. Bd3 d5 11. exd5 Nexd5 12. O-O O-O 13. Bg5 h6 14.
Bh4 b5 15. c3 Nf4 16. Bxf6 Qxf6 17. Be4 Ra7 18. Nc2 Rd7 19. Qf3 Rd2 20. Rad1 Rfd8 21.
Rxd2 Rxd2 22. Rd1 Rxd1+ 23. Qxd1 Bf5 24. Bxf5 Qxf5 25. Ne3 Qd3 26. Qxd3 Nxd3 27. Nd1 f5 28. Kf1 Kf7 29. Ke2 Nf4+ 30. Kf3 g5 31. g3 e4+ 32.
Ke3 Ne6 33. f3 exf3 34. Kxf3 Kf6 35. Ne3 Ke5 36. Nc2 Nc5 37. Ne1 1/2-1/2

[Event "*** Titled Tuesday Blitz"]
[Site "Chess.com"]
[Date "2021.03.09"]
[Round "3"]
[White "2Tilted"]
[Black "AldokhinIvan"]
[Result "0-1"]
[WhiteElo "2307"]
[BlackElo "2521"]
[TimeControl "180+1"]
[EndTime "10:28:06 PST"]
[Termination "AldokhinIvan won by resignation"]

1. d4 Nf6 2. Nf3 g6 3. c4 Bg7 4. Nc3 d6 5. e4 O-O 6. Be2 Nc6 7.
O-O Re8 8. d5 Nb4 9. a3 Na6 10.
Qc2 e6 11. Re1 exd5 12. cxd5 Nc5 13. Bd3 Bg4 14. Nd2 Bd7 15. b4 Nxd3 16. Qxd3 Ng4 17. h3 Nxf2 18. Kxf2 Qf6+ 19. Kg1 Qxc3 20. Qxc3 Bxc3 21.
Rb1 Ba4 22. Re3 Bd4 23. Kf2 f5 24. Bb2 Bxe3+ 25. Kxe3 Bc2 26. Rc1 Bxe4 27. Rxc7 Bxd5+ 28. Kf4 Bf7 29. Nf3 h6 30. g4 Re4+ 31. Kg3 f4+ 32. Kh4 g5+ 33. Nxg5 hxg5+ 34. Kxg5 f3 0-1

[Event "*** Titled Tuesday Blitz"]
[Site "Chess.com"]
[Date "2021.03.09"]
[Round "3"]
[White "Fore_Man"]
[Black "eCztery"]
[Result "1-0"]
[WhiteElo "2288"]
[BlackElo "2427"]
[TimeControl "180+1"]
[EndTime "10:28:06 PST"]
[Termination "Fore_Man won by resignation"]

1. d4 Nf6 2. c4 c5 3. d5 b5 4. cxb5 a6 5. bxa6 Bxa6 6. Nc3 g6 7.
Nf3 Bg7 8. e4 Bxf1 9. Kxf1 O-O 10. g3 Qa5 11. Kg2 d6 12. a4 Nbd7 13. Bd2 Qb4 14. Qe2 Rfb8 15. b3 Ne8 16. Nb5 Qxb3 17.
Rhb1 Qc2 18. Ne1 Qxa4 19. Rxa4 Rxa4 20. Nc3 Rab4 21. Rxb4 cxb4 22. Nb5 b3 23. Bc3 Bxc3 24. Nxc3 Nc5 25. Nd3 Nf6 26. Nxc5 dxc5 27. e5 Nd7 28. e6 Nf6 29. exf7+ Kxf7 30. Qe6+ Kf8 31. d6 Ng8 32. d7 b2 33. Qc6 Kf7 34. Qc8 b1=Q 35. Nxb1 Rxc8 36.
dxc8=Q Nf6 37. Qxc5 1-0

[Event "*** Titled Tuesday Blitz"]
[Site "Chess.com"]
[Date "2021.03.09"]
[Round "3"]
[White "katchesskat"]
[Black "A-Fier"]
[Result "1/2-1/2"]
[WhiteElo "2320"]
[BlackElo "2695"]
[TimeControl "180+1"]
[EndTime "10:28:07 PST"]
[Termination "Game drawn by repetition"]

1. c4 c6 2. Nf3 d5 3. e3 Nf6 4.
Qc2 e6 5. a3 Bd6 6. b4 e5 7.
Bb2 Qe7 8. d3 O-O 9. Nbd2 a5 10.
c5 Bc7 11. Be2 Bg4 12. h3 Bh5 13. O-O Nbd7 14. Rfe1 e4 15. dxe4 dxe4 16. Nh2 Bxe2 17. Rxe2 axb4 18. axb4 Rxa1+ 19. Bxa1 Ra8 20. Bd4 Qe6 21.
Nhf1 Ra2 22. Qd1 Ne5 23. Bxe5 Bxe5 24. Nc4 Ra8 25. Nxe5 Qxe5 26. Rd2 Nd5 27. b5 h5 28. Rd4 g6 29. Ng3 Nf6 30. Rd8+ Rxd8 31. Qxd8+ Kg7 32. bxc6 bxc6 33. Qd4 Qxd4 34. exd4 Kf8 35. Kf1 Ke7 36. Ke2 Ke6 37. Ke3 Kd5 38. Ne2 Kc4 39. g3 g5 40.
h4 gxh4 41. gxh4 Kd5 42. Nf4+ Kc4 43. Ne2 Kd5 44. Nc3+ Kc4 45. Ne2 1/2-1/2

[Event "*** Titled Tuesday Blitz"]
[Site "Chess.com"]
[Date "2021.03.09"]
[Round "3"]
[White "Kaua18"]
[Black "Khnykin_Nikolay"]
[Result "1-0"]
[WhiteElo "2300"]
[BlackElo "2054"]
[TimeControl "180+1"]
[EndTime "10:28:08 PST"]
[Termination "Kaua18 won on time"]

1. e4 c5 2. Nf3 e6 3. d4 cxd4 4. Nxd4 Nf6 5. Nc3 d6 6. Rg1 Be7 7. g4 Nc6 8. g5 Nd7 9. h4 Nde5 10. Be3 O-O 11. f4 Nxd4 12. Bxd4 Nc6 13. Bxg7 Kxg7 14. h5 Qb6 15. Rg3 Nd4 16. Bd3 Qxb2 17. Na4 Qb4+ 18. c3 Qa5 19. Kf1 Nc6 20. Rb1 a6 21. Nb6 Qxa2 22.
Nxa8 Bd7 23. Nb6 Qh2 24. Qf3 1-0

[Event "*** Titled Tuesday Blitz"]
[Site "Chess.com"]
[Date "2021.03.09"]
[Round "3"]
[White "Trovita84"]
[Black "FeketeBarika"]
[Result "1-0"]
[WhiteElo "2079"]
[BlackElo "2281"]
[TimeControl "180+1"]
[EndTime "10:28:09 PST"]
[Termination "Trovita84 won by resignation"]

1. e4 e6 2. d4 d5 3. exd5 exd5 4. Nf3 Bd6 5. Bd3 Ne7 6. h3 Nbc6 7. O-O f6 8. c3 Bf5 9. Qc2 Bxd3 10. Qxd3 Qd7 11. b4 g5 12. a4 O-O-O 13. a5 Nb8 14. Nbd2 h5 15. Re1 g4 16. Nh4 Rdg8 17. Kh1 g3 18. f3 Bf4 19. Rxe7 Qxe7 20. Qf5+ Nd7 21. Nf1 Bxc1 22. Rxc1 Rg5 23. Qf4 Rhg8 24. Nf5 Qh7 25. N1e3 Re8 26. h4 Rgg8 27. Nxd5 Nb8 28. Nxf6 Qf7 29.
Nxe8 Qxe8 30. Nxg3 Nd7 31. Ne4 Qg6 32. Rg1 Rf8 33.
Qg5 Qe6 34. Nc5 Nxc5 35. Qxc5 Rg8 36. Qxa7 Qe7 37. g3 Qe2 38. Qa8+ Kd7 39. Qxg8 Qxf3+ 40. Kh2 Qf2+ 41. Rg2 1-0